AA SOUTH
CHATTANOOGA LOOKOUTS @ WEST VIRGINIA BLACK BEARS
06/07/2042
 
TOP OF THE 1ST
Chattanooga Lookouts batting - Pitching for West Virginia Black Bears : LHP Ronnie Ashley
Pitching: LHP Ronnie Ashley
Batting: LHB Luis Moreno 0-0: Ball
1-0: Fly out, F9 (Flyball, 9, EV 92.5 MPH)
Batting: SHB Dan Gray 0-0: Called Strike
0-1: Ball
1-1: Called Strike
1-2: Ball
2-2: SINGLE (Groundball, 6MD, EV 97.5 MPH)
Batting: RHB Ric Thompson 0-0: Ball
1-0: Ball
2-0: Called Strike
2-1: Foul Ball, location: 2F
2-2: Foul Ball, location: 7LMF
2-2: Ball
3-2: Strikes out looking
Batting: LHB Jeff Chase 0-0: Ball
1-0: Ball
2-0: Ball
3-0: Called Strike
3-1: Fly out, F7 (Flyball, 7S, EV 89.4 MPH)
Top of the 1st over - 0 runs, 1 hit, 0 errors, 1 left on base; Chattanooga 0 - West Virginia 0
BOTTOM OF THE 1ST
West Virginia Black Bears batting - Pitching for Chattanooga Lookouts : RHP António Juárez
Pitching: RHP António Juárez
Batting: RHB Kevin Davis 0-0: Called Strike
0-1: Ground out U3 (Groundball, 13, EV 88.8 MPH)
Batting: RHB Steve Higgins 0-0: Foul Ball, location: 2F
0-1: Called Strike
0-2: Fly out, F9 (Flyball, 89D, EV 104.4 MPH)
Batting: LHB Charlie Upton 0-0: Ball
1-0: Swinging Strike
1-1: Foul Ball, location: 2F
1-2: Strikes out looking
Bottom of the 1st over - 0 runs, 0 hits, 0 errors, 0 left on base; Chattanooga 0 - West Virginia 0
TOP OF THE 2ND
Chattanooga Lookouts batting - Pitching for West Virginia Black Bears : LHP Ronnie Ashley
Batting: LHB Wally Jeffreys 0-0: Called Strike
0-1: Ball
1-1: Ball
2-1: Ball
3-1: Foul Ball, location: 2LF
3-2: Fly out, F3 (Popup, 3SF, EV 86.3 MPH)
Batting: RHB Brendan Rogers 0-0: Ball
1-0: Foul Ball, location: 9LSF
1-1: Foul Ball, location: 2F
1-2: Ball
2-2: Fly out, F8 (Flyball, 8LM, EV 91.9 MPH)
Batting: LHB Raúl Morales 0-0: Ball
1-0: Foul Ball, location: 7LDF
1-1: SINGLE (Groundball, 3D, EV 105.0 MPH)
Batting: RHB Mike Craft 0-0: Foul Ball, location: 2F
0-1: Ball
1-1: Foul Ball, location: 2F
1-2: Ball
Raúl Morales steals 2nd base
2-2: Ball
3-2: Foul Ball, location: 3SF
3-2: Base on Balls
Batting: RHB Rubén Rúbio 0-0: Ground out U3 (Groundball, 34, EV 76.3 MPH)
Top of the 2nd over - 0 runs, 1 hit, 0 errors, 2 left on base; Chattanooga 0 - West Virginia 0
BOTTOM OF THE 2ND
West Virginia Black Bears batting - Pitching for Chattanooga Lookouts : RHP António Juárez
Batting: RHB Thad Bunch 0-0: Ball
1-0: Ball
2-0: Called Strike
2-1: Called Strike
2-2: Ball
3-2: Foul Ball, location: 2F
3-2: Foul Ball, location: 2F
3-2: Foul Ball, location: 5DF
3-2: Foul Ball, location: 2F
3-2: Ground out 5-3 (Groundball, 56S, EV 74.4 MPH)
Batting: RHB Marc McInnis 0-0: Ball
1-0: Called Strike
1-1: Ball
2-1: Ground out 6-3 (Groundball, 6MS, EV 78.8 MPH)
Batting: SHB Jeff Hansen 0-0: Called Strike
0-1: Ball
1-1: Swinging Strike
1-2: Ball
2-2: Strikes out swinging, 2-3 out at first.
Bottom of the 2nd over - 0 runs, 0 hits, 0 errors, 0 left on base; Chattanooga 0 - West Virginia 0
TOP OF THE 3RD
Chattanooga Lookouts batting - Pitching for West Virginia Black Bears : LHP Ronnie Ashley
Batting: LHB Luis Moreno 0-0: Ball
1-0: Fly out, F7 (Flyball, 7S, EV 86.9 MPH)
Batting: SHB Dan Gray 0-0: Called Strike
0-1: Ball
1-1: Called Strike
1-2: Ball
2-2: Strikes out swinging
Batting: RHB Ric Thompson 0-0: Ground out 4-3 (Groundball, 4, EV 83.8 MPH)
Top of the 3rd over - 0 runs, 0 hits, 0 errors, 0 left on base; Chattanooga 0 - West Virginia 0
BOTTOM OF THE 3RD
West Virginia Black Bears batting - Pitching for Chattanooga Lookouts : RHP António Juárez
Batting: SHB José Hernández 0-0: Hit by Pitch
Batting: SHB Brad Miller 0-0: Called Strike
0-1: Grounds into double play, 5-4-3 (Groundball, 5, EV 98.1 MPH)
Batting: RHB Alex Owens 0-0: Ball
1-0: Called Strike
1-1: SINGLE (Flyball, 89S, EV 98.1 MPH)
Batting: RHB Kevin Davis 0-0: Ball
1-0: Swinging Strike
1-1: Foul Ball, location: 2F
1-2: Foul Ball, location: 2LF
1-2: Strikes out swinging
Bottom of the 3rd over - 0 runs, 1 hit, 0 errors, 1 left on base; Chattanooga 0 - West Virginia 0
TOP OF THE 4TH
Chattanooga Lookouts batting - Pitching for West Virginia Black Bears : LHP Ronnie Ashley
Batting: LHB Jeff Chase 0-0: Ball
1-0: Ground out 5-3 (Groundball, 56S, EV 107.5 MPH)
Batting: LHB Wally Jeffreys 0-0: Ball
1-0: Foul Ball, location: 5SF
1-1: Ball
2-1: Called Strike
2-2: Reached on error, E3 (Groundball, 34, EV 102.5 MPH)
Batting: RHB Brendan Rogers 0-0: Ball
1-0: Ball
2-0: Ball
3-0: Foul Ball, location: 9LSF
3-1: Base on Balls
Batting: LHB Raúl Morales 0-0: Ball
1-0: Fly out, F7 (Flyball, 7, EV 85.0 MPH)
Batting: RHB Mike Craft 0-0: Swinging Strike
0-1: Foul Ball, location: 7LMF
0-2: Foul Ball, location: 2F
0-2: Strikes out swinging
Top of the 4th over - 0 runs, 0 hits, 1 error, 2 left on base; Chattanooga 0 - West Virginia 0
BOTTOM OF THE 4TH
West Virginia Black Bears batting - Pitching for Chattanooga Lookouts : RHP António Juárez
Batting: RHB Steve Higgins 0-0: Ball
1-0: Ball
2-0: Called Strike
2-1: Foul Ball, location: 9LDF
2-2: Foul Ball, location: 3F
2-2: Foul Ball, location: 3SF
2-2: Foul Ball, location: 9LSF
2-2: Fly out, F9 (Line Drive, 89S, EV 110.0 MPH)
Batting: LHB Charlie Upton 0-0: Called Strike
0-1: Ball
1-1: Swinging Strike
1-2: Ball
2-2: Foul Ball, location: 7LSF
2-2: Ball
3-2: SOLO HOME RUN (Flyball, 89XD, EV 106.9 MPH), Distance : 423 ft
Batting: RHB Thad Bunch 0-0: Swinging Strike
0-1: Foul Ball, location: 2F
0-2: Ball
1-2: Ball
2-2: Ball
3-2: Strikes out looking
Batting: RHB Marc McInnis 0-0: Called Strike
0-1: Swinging Strike
0-2: Ball
1-2: Strikes out swinging
Bottom of the 4th over - 1 run, 1 hit, 0 errors, 0 left on base; Chattanooga 0 - West Virginia 1
TOP OF THE 5TH
Chattanooga Lookouts batting - Pitching for West Virginia Black Bears : LHP Ronnie Ashley
Batting: RHB Rubén Rúbio 0-0: Foul Ball, location: 2F
0-1: Ball
1-1: Ball
2-1: Swinging Strike
2-2: Ball
3-2: Strikes out swinging
Batting: LHB Luis Moreno 0-0: Called Strike
0-1: Ball
1-1: Ball
2-1: Called Strike
2-2: DOUBLE (Line Drive, 78D, EV 107.5 MPH)
Batting: SHB Dan Gray 0-0: Called Strike
0-1: Swinging Strike
0-2: Strikes out looking
Batting: RHB Ric Thompson 0-0: Ball
1-0: SINGLE (Groundball, 6MD, EV 110.0 MPH)
Luis Moreno to third
Runner from 3rd tries for Home, SAFE, throw by CF to home
Batting: LHB Jeff Chase 0-0: Ball
1-0: Called Strike
1-1: Ball
2-1: Swinging Strike
2-2: Foul Ball, location: 2F
2-2: Foul Ball, location: 3F
2-2: Ground out 6-3 (Groundball, 6MS, EV 85.6 MPH)
Top of the 5th over - 1 run, 2 hits, 0 errors, 1 left on base; Chattanooga 1 - West Virginia 1
BOTTOM OF THE 5TH
West Virginia Black Bears batting - Pitching for Chattanooga Lookouts : RHP António Juárez
Batting: SHB Jeff Hansen 0-0: Swinging Strike
0-1: Foul Ball, location: 5SF
0-2: Ball
1-2: Foul Ball, location: 25FF
1-2: Ball
2-2: Foul Ball, location: 23FF
2-2: Foul Ball, location: 3F
2-2: Ball
3-2: Fly out, F8 (Line Drive, 8RD, EV 85.6 MPH)
Batting: SHB José Hernández 0-0: Foul Ball, location: 7LDF
0-1: Ball
1-1: Foul Ball, location: 25F
1-2: Foul Ball, location: 2F
1-2: Hit by Pitch
Batting: SHB Brad Miller 0-0: Ball
1-0: Ball
2-0: Foul Ball, location: 3DF
2-1: Fly out, F7 (Flyball, 7, EV 79.4 MPH)
Batting: RHB Alex Owens 0-0: Fly out, F2 (Popup, 23F, EV 88.8 MPH)
Bottom of the 5th over - 0 runs, 0 hits, 0 errors, 1 left on base; Chattanooga 1 - West Virginia 1
TOP OF THE 6TH
Chattanooga Lookouts batting - Pitching for West Virginia Black Bears : LHP Ronnie Ashley
Pitching: RHP Eli Simmons
Batting: LHB Wally Jeffreys 0-0: Called Strike
0-1: Called Strike
0-2: Ball
1-2: Foul Ball, location: 2F
1-2: SINGLE (Groundball, 34D, EV 95.6 MPH)
Batting: RHB Brendan Rogers 0-0: Ball
1-0: Called Strike
1-1: Sac Bunt to 23 - play at first, batter OUT! 3-4
Wally Jeffreys to second
Batting: LHB Raúl Morales 0-0: Swinging Strike
0-1: Ball
1-1: Foul Ball, location: 7LMF
1-2: Foul Ball, location: 3F
1-2: Ball
2-2: Foul Ball, location: 5F
2-2: Ball
3-2: Base on Balls
Batting: RHB Mike Craft 0-0: Ball
1-0: Ball
2-0: Ball
3-0: Called Strike
3-1: Base on Balls
Wally Jeffreys to third
Raúl Morales to second
Batting: RHB Rubén Rúbio 0-0: Ball
1-0: Called Strike
1-1: Swinging Strike
1-2: Ball
2-2: Strikes out swinging
Batting: LHB Luis Moreno 0-0: SINGLE (Line Drive, 5D, EV 100.0 MPH)
Wally Jeffreys scores
Raúl Morales to third
Mike Craft to second
Runner from 3rd tries for Home, throw by LF and OUT! 7-2
Top of the 6th over - 1 run, 2 hits, 0 errors, 2 left on base; Chattanooga 2 - West Virginia 1
BOTTOM OF THE 6TH
West Virginia Black Bears batting - Pitching for Chattanooga Lookouts : RHP António Juárez
Batting: RHB Kevin Davis 0-0: Called Strike
0-1: Called Strike
0-2: Foul Ball, location: 2F
0-2: Ground out 6-3 (Groundball, 56D, EV 103.8 MPH)
Batting: RHB Steve Higgins 0-0: Called Strike
0-1: Foul Ball, location: 5FF
0-2: Ball
1-2: Fly out, F6 (Line Drive, 6, EV 73.1 MPH)
Batting: LHB Charlie Upton 0-0: Called Strike
0-1: Ball
1-1: Foul Ball, location: 2F
1-2: Strikes out swinging
Bottom of the 6th over - 0 runs, 0 hits, 0 errors, 0 left on base; Chattanooga 2 - West Virginia 1
TOP OF THE 7TH
Chattanooga Lookouts batting - Pitching for West Virginia Black Bears : RHP Eli Simmons
Batting: SHB Dan Gray 0-0: Called Strike
0-1: Called Strike
0-2: Ball
1-2: Ball
2-2: Ball
3-2: SINGLE (Line Drive, 7S, EV 103.1 MPH)
Batting: RHB Ric Thompson 0-0: Called Strike
0-1: Called Strike
0-2: Ball
1-2: Ball
2-2: Foul Ball, location: 2F
2-2: Foul Ball, location: 2F
2-2: Foul Ball, location: 9LSF
2-2: Foul Ball, location: 3FF
2-2: Fly out, F7 (Flyball, 7LM, EV 93.8 MPH)
Pitching: LHP Aurelio Palmeiro
Batting: LHB Jeff Chase 0-0: Ball
1-0: Grounds into double play, 4-6-3 (Groundball, 4MD, EV 95.6 MPH)
Top of the 7th over - 0 runs, 1 hit, 0 errors, 0 left on base; Chattanooga 2 - West Virginia 1
BOTTOM OF THE 7TH
West Virginia Black Bears batting - Pitching for Chattanooga Lookouts : RHP António Juárez
Batting: RHB Thad Bunch 0-0: Foul Ball, location: 5SF
0-1: Swinging Strike
0-2: Ball
1-2: Foul Ball, location: 3F
1-2: Ground out 5-3 (Groundball, 56S, EV 89.4 MPH)
Batting: RHB Marc McInnis 0-0: Foul Ball, location: 2F
0-1: SINGLE (Line Drive, 8LS, EV 97.5 MPH)
Batting: SHB Jeff Hansen 0-0: Called Strike
0-1: Foul Ball, location: 5DF
0-2: Ball
1-2: Strikes out swinging
Pitching: LHP Freddy Guillén
Batting: SHB José Hernández 0-0: Reached on error, E6 (Groundball, 6, EV 96.3 MPH)
Marc McInnis to second
Batting: SHB Brad Miller 0-0: Called Strike
0-1: Called Strike
0-2: Ball
1-2: Foul Ball, location: 23F
1-2: Ball
2-2: Strikes out swinging
Bottom of the 7th over - 0 runs, 1 hit, 1 error, 2 left on base; Chattanooga 2 - West Virginia 1
TOP OF THE 8TH
Chattanooga Lookouts batting - Pitching for West Virginia Black Bears : LHP Aurelio Palmeiro
Batting: LHB Wally Jeffreys 0-0: Foul Ball, location: 3F
0-1: Ball
1-1: Foul Ball, location: 2F
1-2: Fly out, F7 (Flyball, 78M, EV 90.6 MPH)
Batting: RHB Brendan Rogers 0-0: Ball
1-0: Called Strike
1-1: Called Strike
1-2: SINGLE (Groundball, 34D, EV 110.6 MPH)
Pinch Hitting: RHB Jon Castaneda 0-0: Called Strike
0-1: Ball
1-1: Foul Ball, location: 5F
1-2: Strikes out looking
Batting: RHB Mike Craft 0-0: Ball
1-0: Ball
2-0: Foul Ball, location: 2F
2-1: Foul Ball, location: 2F
2-2: Foul Ball, location: 3SF
2-2: Fly out, F3 (Popup, 3L, EV 70.6 MPH)
Top of the 8th over - 0 runs, 1 hit, 0 errors, 1 left on base; Chattanooga 2 - West Virginia 1
BOTTOM OF THE 8TH
West Virginia Black Bears batting - Pitching for Chattanooga Lookouts : LHP Freddy Guillén
Now in CF: Dan Roberts
Batting: RHB Alex Owens 0-0: Foul Ball, location: 9LSFF
0-1: Fly out, F7 (Flyball, 7, EV 85.6 MPH)
Batting: RHB Kevin Davis 0-0: Ball
1-0: Ball
2-0: Ball
3-0: Called Strike
3-1: Base on Balls
Batting: RHB Steve Higgins 0-0: Ball
1-0: Swinging Strike
1-1: Ball
2-1: Bunted foul
2-2: Ball
3-2: 2-RUN HOME RUN (Flyball, 89XD, EV 106.9 MPH), Distance : 411 ft
Batting: LHB Charlie Upton 0-0: Ball
1-0: Called Strike
1-1: SINGLE (Line Drive, 9S, EV 99.4 MPH)
Batting: RHB Thad Bunch 0-0: Ball
1-0: Reached on error, E6 (Groundball, 6, EV 88.8 MPH)
Charlie Upton to second
Batting: RHB Marc McInnis 0-0: Foul Ball, location: 9LMF
0-1: Ball
1-1: Swinging Strike
1-2: Strikes out swinging
Batting: SHB Jeff Hansen 0-0: Called Strike
0-1: Fly out, F9 (Flyball, 9, EV 76.3 MPH)
Bottom of the 8th over - 2 runs, 2 hits, 1 error, 2 left on base; Chattanooga 2 - West Virginia 3
TOP OF THE 9TH
Chattanooga Lookouts batting - Pitching for West Virginia Black Bears : LHP Aurelio Palmeiro
Pitching: RHP António Mensivar
Now at 2B: Brad Miller
Now at SS: Kevin Wadley
Now in LF: José Hernández
Now in CF: Anastasio Navarro
Pinch Hitting: LHB Sal Anderson 0-0: Called Strike
0-1: Ball
1-1: Foul Ball, location: 2F
1-2: Foul Ball, location: 2F
1-2: Ground out 1-3 (Groundball, 13S, EV 71.3 MPH)
Batting: LHB Luis Moreno 0-0: SINGLE (Groundball, 4MS, EV 67.5 MPH) (infield hit)
Batting: SHB Dan Gray 0-0: Foul Ball, location: 7LDF
0-1: Ball
1-1: Foul Ball, location: 7LMF
1-2: Strikes out swinging
Batting: RHB Ric Thompson 0-0: Ball
1-0: Ball
Wild Pitch!
Luis Moreno to second
2-0: Called Strike
2-1: Fly out, F9 (Flyball, 9D, EV 90.0 MPH)
Top of the 9th over - 0 runs, 1 hit, 0 errors, 1 left on base; Chattanooga 2 - West Virginia 3
Monday, April 29th , 2024 - OOTP Baseball 24.10 Build 82